Map: Романтицид РВ

Players

SenseiTapok

  • Race: Zerg Zerg
  • League: Master

ImHbrow

  • Race: Zerg Zerg
  • League: Gold

Kantara

  • Race: Zerg Zerg
  • League: Diamond
  • Spawn Location: 11:00

Scorpion

  • Race: Zerg Zerg
  • League: Diamond
  • Spawn Location: 5:00

VOD

Have the link to the VOD?

Description

Time

  • Played on: Oct. 7, 2020, 1:19 p.m.
  • Length: 7:20
Show
View Real Time Build Order
Export as new Build Order

SenseiTapok Zerg 

Build Orders:  

Get SALT Encoding   

Show
View Real Time Build Order
Export as new Build Order

ImHbrow Zerg 

Build Orders:  

Get SALT Encoding   

Show
View Real Time Build Order
Export as new Build Order

Kantara Zerg 

Build Orders: Hatch First 

Get SALT Encoding   

  12  0:00  Drone  
  13  0:14  Overlord  
  13  0:19  Drone  
  14  0:35  Drone  
  15  0:36  Drone  
  15  0:39  Drone  
  17  1:00  Hatchery  
  17  1:03  Drone x2  
  19  1:11  Drone  
  19  1:19  Extractor  
  19  1:22  Spawning Pool  
  17  1:26  Drone  
  17  1:31  Drone  
  19  1:37  Evolution Chamber  
  18  1:45  Drone  
  19  2:09  Queen  
  19  2:12  Queen  
  19  2:15  Zergling x2  
  24  2:16  Zergling x6  
  27  2:38  Drone  
  27  2:40  Overlord  
  28  3:01  Drone x5  
  33  3:07  Extractor  
  32  3:14  Lair  
  32  3:15  Drone x3  
  35  3:22  Evolution Chamber  
  35  3:23  Evolution Chamber, Roach Warren  
  32  3:33  Drone  
  32  3:34  Drone x3  
  35  3:36  Overlord  
  35  3:39  Overlord  
  36  3:48  Overlord  
  36  3:54  Zerg Missile Weapons Level 1  
  36  3:55  Drone x2  
  39  4:02  Drone  
  39  4:05  Drone  
  39  4:06  Drone x2  
  39  4:07  Drone  
  43  4:12  Drone  
  43  4:16  Zerg Ground Armor Level 1  
  44  4:19  Drone  
  45  4:27  Roach x2  
  49  4:33  Roach  
  49  4:37  Extractor  
  50  4:38  Overlord  
  50  4:40  Glial Reconstitution  
  50  4:42  Metabolic Boost  
  50  4:45  Drone x3  
  53  4:53  Roach  
  53  4:54  Drone x3  
  58  5:03  Extractor  
  58  5:07  Roach x4  
  65  5:16  Overlord  
  65  5:20  Overlord  
  65  5:22  Overlord  
  65  5:25  Drone x3  
  68  5:29  Overlord x2  
  68  5:38  Ravager x3  
  68  5:42  Roach  
  73  5:43  Roach x3  
  79  5:55  Roach  
  79  5:56  Roach x4  
  89  6:19  Roach  
  89  6:20  Roach x7  
  105  6:31  Hatchery  
  103  6:35  Roach x2  
Show
View Real Time Build Order
Export as new Build Order

Scorpion Zerg 

Build Orders: Pool First 

Get SALT Encoding   

  12  0:00  Drone  
  13  0:08  Drone  
  14  0:14  Extractor  
  14  0:15  Drone  
  15  0:22  Overlord  
  15  0:41  Drone x2  
  17  0:46  Drone  
  18  0:54  Drone  
  19  1:06  Extractor  
  18  1:14  Hatchery, Spawning Pool  
  16  1:23  Drone x2  
  18  1:29  Drone  
  19  1:41  Drone  
  20  1:49  Overlord  
  20  2:02  Zergling x2  
  20  2:06  Queen  
  23  2:11  Zergling x2  
  23  2:12  Metabolic Boost  
  24  2:24  Drone  
  24  2:26  Queen  
  24  2:28  Drone  
  28  2:32  Drone  
  29  2:42  Queen  
  31  2:58  Roach Warren  
  30  3:07  Hatchery  
  29  3:13  Queen  
  29  3:17  Drone x4  
  35  3:29  Overlord  
  35  3:34  Overlord  
  35  3:47  Overlord  
  35  3:52  Queen  
  35  3:54  Roach x3  
  43  4:05  Queen  
  45  4:19  Lair  
  45  4:20  Drone  
  45  4:21  Drone x6  
  52  4:29  Pneumatized Carapace  
  52  4:41  Roach  
  54  4:56  Roach  
  54  4:57  Overlord x3  
  56  5:02  Extractor  
  56  5:03  Extractor  
  54  5:12  Drone x4  
  58  5:18  Drone x7  
  64  5:31  Glial Reconstitution  
  64  5:33  Evolution Chamber  
  64  5:34  Evolution Chamber  
  62  5:38  Overseer  
  62  5:52  Drone x7  
  62  5:56  Roach x5  
  79  6:01  Spine Crawler x2  
  77  6:09  Roach  
  77  6:10  Roach  
  81  6:12  Overlord x2  
  81  6:13  Overlord  
  81  6:16  Overlord  
  81  6:31  Roach x7  
  92  6:39  Roach x2  
  86  6:40  Roach  
  78  6:50  Roach x4  
  71  6:58  Roach  
  71  6:59  Overlord x2  
Tags
 
Add a new tag
Caveats
  • Supply blocks, unpowered buildings, or Contaminate may cause inaccurate times.
  • Supply counts are checked every 10 seconds.